 Dungeon Crawl Stone Soup version 0.21-a0-625-g1119ec1 (webtiles) character file.

5443 tidbits the Martial Artist (level 10, -1/76 HPs)
             Began as a Gnoll Wanderer on Dec 24, 2017.
             Was a Priest of Cheibriados.
             Slain by a basilisk (13 damage)
             ... on level 11 of the Dungeon.
             The game lasted 00:29:37 (2565 turns).

tidbits the Martial Artist (Gnoll Wanderer)         Turns: 2565, Time: 00:29:38

Health: -1/76      AC:  9    Str: 16    XL:     10   Next: 68%
Magic:  18/18      EV: 15    Int: 32    God:    Cheibriados [***...]
Gold:   154        SH:  0    Dex: 22    Spells: 16/19 levels left

rFire    . . .     SeeInvis .   d - +0 dagger (freeze)
rCold    + + .     Gourm    .   (no shield)
rNeg     . . .     Faith    .   B - +2 ring mail of the True Pharaoh {rC+ Str-3 Int+5}
rPois    .         Spirit   .   E - +0 helmet
rElec    .         Reflect  .   (no cloak)
rCorr    .         Harm     .   (no gloves)
MR       .....                  (no boots)
Stlth    +++.......             k - amulet of magic regeneration
HPRegen  0.22/turn              s - ring of flight
MPRegen  0.41/turn              Q - ring of protection from cold

@: very slightly contaminated, invisible, very slow
A: distributed training, fangs 1, strong nose
a: Bend Time, Temporal Distortion, Renounce Religion, Evoke Flight


You were on level 11 of the Dungeon.
You worshipped Cheibriados.
Cheibriados was most pleased with you.
You were not hungry.

You visited 2 branches of the dungeon, and saw 13 of its levels.

You collected 365 gold pieces.
You spent 211 gold pieces at shops.

Inventory:

Hand Weapons
 a - a +1 whip of electrocution
   (You bought it in a shop on level 7 of the Dungeon)
 d - a +0 dagger of freezing (weapon)
   (You took it off a goblin on level 1 of the Dungeon)
 z - a +2 shortbow of flaming
   (You took it off a centaur on level 7 of the Dungeon)
 D - a +0 lajatang
 G - a +0 dagger of draining
   (You took it off a big kobold on level 7 of the Dungeon)
 H - a +0 blowgun
 O - a +2 spear of freezing
   (You found it on level 10 of the Dungeon)
 R - a +2 shortbow of freezing
   (You took it off a centaur on level 11 of the Dungeon)
Missiles
 b - 15 javelins (quivered)
 g - 2 steel tomahawks
 j - 41 stones
 C - 8 poisoned javelins
 F - 102 arrows
 I - 14 poisoned needles
 K - 2 throwing nets {!f}
Armour
 e - a +0 robe
 B - the +2 ring mail of the True Pharaoh (worn) {rC+ Str-3 Int+5}
   (You found it on level 5 of the Dungeon)

   It affects your strength (-3).
   It affects your intelligence (+5).
   It protects you from cold.
 E - a +0 helmet (worn)
Jewellery
 k - an amulet of magic regeneration (around neck)
   (You found it on level 1 of the Dungeon)
 s - a ring of flight (left hand)
   (You found it on level 4 of the Dungeon)
 y - a cursed amulet of rage
   (You found it on level 4 of the Dungeon)
 Q - a ring of protection from cold (right hand)
   (You found it on level 11 of the Dungeon)
Wands
 M - a wand of flame (33)
 N - a wand of digging (21)
Scrolls
 i - 4 scrolls of enchant armour {unknown}
 l - 2 scrolls of fog {unknown}
 m - a scroll of amnesia
 n - 3 scrolls of magic mapping {unknown}
 q - a scroll of teleportation
 r - 2 scrolls of remove curse
 v - 3 scrolls of blinking {unknown}
 J - a scroll of fear
 S - a scroll of noise {unknown}
Potions
 f - 4 potions of curing
 h - a potion of resistance {unknown}
 o - a potion of brilliance
 u - 2 potions of cancellation {unknown}
 w - 2 potions of might
 A - a potion of flight
 L - 4 potions of heal wounds
 P - a potion of magic {unknown}
Books
 x - a book of Cantrips
   (You found it on level 3 of the Dungeon)

   Spells                             Type                      Level
   a - Confusing Touch                Hexes                        1
   b - Animate Skeleton               Necromancy                   1
   c - Summon Small Mammal            Summoning                    1
   d - Apportation                    Translocation                1
Comestibles
 c - 13 rations


   Skills:
 + Level 6.0 Fighting
 + Level 5.4 Short Blades
 + Level 5.4 Long Blades
 + Level 5.4 Axes
 + Level 5.4 Maces & Flails
 + Level 5.4 Polearms
 + Level 7.2 Staves
 + Level 5.4 Slings
 + Level 5.4 Bows
 + Level 5.4 Crossbows
 + Level 5.4 Throwing
 + Level 5.4 Armour
 + Level 6.0 Dodging
 + Level 6.0 Stealth
 + Level 5.4 Shields
 + Level 10.1 Unarmed Combat
 + Level 5.4 Spellcasting
 + Level 4.4 Conjurations
 + Level 4.4 Hexes
 + Level 4.4 Charms
 + Level 4.4 Summonings
 + Level 4.4 Necromancy
 + Level 4.4 Translocations
 + Level 4.4 Transmutations
 + Level 4.4 Fire Magic
 + Level 4.4 Ice Magic
 + Level 4.4 Air Magic
 + Level 4.4 Earth Magic
 + Level 4.4 Poison Magic
 + Level 5.9 Invocations
 + Level 6.0 Evocations


You had 16 spell levels left.
You knew the following spells:

 Your Spells              Type           Power        Failure   Level  Hunger
a - Apportation           Tloc           #####.       1%          1    None
n - Animate Skeleton      Necr           N/A          1%          1    None
t - Confusing Touch       Hex            #####.       1%          1    None


Dungeon Overview and Level Annotations

Branches:
Dungeon (12/15)            Temple (1/1) D:4            Lair (0/6) D:11
    Orc: D:9-12

Altars:
Cheibriados
Elyvilon
Fedhas
Okawaru
Trog
Vehumet
Yredelemnul
Zin

Shops:
D:7 =(}(


Innate Abilities, Weirdness & Mutations

Your experience applies equally to all skills.
You have very sharp teeth.
Your uncanny sense of smell can sniff out nearby items.


Message History

Confirm with . or Enter, or press ? or * to list all spells.
Your hands begin to glow red.
The yak gores you.
* * * LOW HITPOINT WARNING * * *
Wield which item (- for none, * to show all)? (? for menu, Esc to quit)
Your +0 dagger of freezing stops glowing.
You are now empty-handed.
The yak gores you!
* * * LOW HITPOINT WARNING * * *
The yak misses you.
You hit the yak but do no damage.
The yak appears confused.
You punch the yak.
The yak is moderately wounded.
The yak gores the yak!
The yak barely misses you.
There is a stone staircase leading up here.
The yak gores you but does no damage.
You climb upwards.
There is a stone staircase leading down here.
Evoke which item? (* to show all) (? for menu, Esc to quit)
Aiming: Paralyse
Press: ? - help, Shift-Dir - straight line, f - yak
Aim: a yak (moderately wounded, chance to defeat MR: 64%)
The yak suddenly stops moving!
The yak barely misses you.
Evoke which item? (* to show all) (? for menu, Esc to quit)
Aiming: Paralyse
Press: ? - help, Shift-Dir - straight line, f - yak, p - yak
Aim: a yak (chance to defeat MR: 64%)
The yak suddenly stops moving!
The now-empty wand crumbles to dust.
Wield which item (- for none, * to show all)? (? for menu, Esc to quit)
Your +0 dagger of freezing glows with a cold blue light!
d - a +0 dagger of freezing (weapon)
The helpless yak fails to defend itself.
You spit the yak like a pig!!! You freeze the yak.
You kill the yak!
The helpless yak fails to defend itself.
You stick the yak like a pincushion!!! You freeze the yak!
You kill the yak!
Unknown command.
You see here a yak corpse.
A crocodile and an elephant come into view.
Found a staircase to the Lair.
The basilisk bites you but does no damage.
You fade into invisibility!
The basilisk barely misses you.
You are very lightly contaminated with residual magic.
You hit the basilisk but do no damage. You hit the basilisk.
The basilisk seems to slow down.
You freeze the basilisk. Your bite misses the basilisk.
The basilisk is lightly wounded.
The basilisk misses you.
You barely miss the basilisk.
The basilisk is lightly wounded.
The basilisk is no longer moving slowly.
You hit the basilisk.
The basilisk seems to slow down.
You freeze the basilisk. Your bite misses the basilisk.
The basilisk is lightly wounded.
The basilisk closely misses you. The crocodile misses you.
You hit the crocodile. You freeze the crocodile.
The crocodile is lightly wounded.
The basilisk is no longer moving slowly.
The crocodile bites you!
* * * LOW HITPOINT WARNING * * *
You catch the helpless crocodile completely off-guard!
You impale the crocodile!!
The crocodile seems to slow down.
You freeze the crocodile!
You kill the crocodile!
Your Stealth skill increases to level 6!
You hit the basilisk but do no damage. You punch the basilisk!
The basilisk is moderately wounded.
The basilisk closely misses you.
You closely miss the basilisk.
The basilisk is moderately wounded.
You hit the basilisk but do no damage.
The basilisk is moderately wounded.
The basilisk gazes at you. You resist with some effort.
You hit the basilisk. You freeze the basilisk.
The basilisk is heavily wounded.
The basilisk gazes at you. You resist with some effort.
You hit the basilisk.
The basilisk seems to slow down.
You freeze the basilisk.
You bite the basilisk, but do no damage.
The basilisk is heavily wounded.
You hit the basilisk.
The basilisk seems to slow down.
You freeze the basilisk.
The basilisk is heavily wounded.
The basilisk completely misses you.
You hit the basilisk but do no damage.
The basilisk is heavily wounded.
You hit the basilisk but do no damage.
The basilisk is heavily wounded.
The basilisk gazes at you. You resist with some effort.
You hit the basilisk but do no damage. You punch the basilisk.
You bite the basilisk.
The basilisk is severely wounded.
You hit the basilisk. You freeze the basilisk.
The basilisk is severely wounded.
You see here a crocodile corpse.
The basilisk bites you!
You die...

..######'########
##.........##...(#
#...........#....#
.................#
.....Y>Y.........#
..P............>.#
#...........#.†..#
#.....?...##....#
#..l@†####....#
.......#.........#
.......+...#######
.......###...
....... #####
....... .......
####### ∆


You could see an elephant (sleeping), a yak (sleeping) and a basilisk.

Vanquished Creatures
  A hydra (D:11)
  The ghost of anet the Vexing, a novice DEWz of Ashenzari (D:7)
  An ugly thing (D:7)
  A centaur zombie (D:10)
  A wyvern (D:8)
  6 yaks
  A necrophage (D:8)
  2 orc warriors
  6 centaurs
  4 ogres
  A crocodile (D:11)
  3 big kobolds
  2 bullfrogs
  A gnoll sergeant (D:7)
  A scorpion (D:6)
  The ghost of Soeti the Shield-Bearer, a weakling FoFi (D:3)
  4 killer bees (D:9)
  A howler monkey (D:8)
  2 bullfrog zombies (D:5)
  2 hounds
  5 orc wizards
  An orc priest (D:5)
  2 centaur skeletons
  A jelly (D:11)
  4 iguanas
  A worker ant (D:8)
  A killer bee zombie (D:3)
  A hound zombie (D:5)
  A hound skeleton (D:11)
  A worker ant zombie (D:7)
  4 gnolls (D:7)
  6 adders
  A shadow imp (D:8)
  2 worms (D:3)
  4 leopard geckos
  24 orcs
  2 bats
  4 giant cockroaches
  5 goblins
  3 hobgoblins
  3 quokkas
  8 frilled lizards
  16 kobolds
  2 quokka skeletons
  2 rats
146 creatures vanquished.

Notes
Turn   | Place    | Note
-------+----------+-------------------------------------------
     0 | D:1      | tidbits the Gnoll Wanderer began the quest for the Orb.
     0 | D:1      | tidbits set off with: a scroll of fear, a potion of heal wounds, a potion of lignification, a potion of curing, a +0 robe, a +0 dagger, a ration
     0 | D:1      | Reached XP level 1. HP: 17/17 MP: 2/2
   154 | D:1      | Reached XP level 2. HP: 23/23 MP: 3/3
   310 | D:3      | Reached XP level 3. HP: 14/28 MP: 4/4
   323 | D:3      | Learned a level 1 spell: Animate Skeleton
   325 | D:3      | Learned a level 1 spell: Apportation
   329 | D:3      | Learned a level 1 spell: Confusing Touch
   369 | D:3      | Noticed Soeti's ghost (weakling FoFi)
   385 | D:3      | Killed Soeti's ghost
   385 | D:3      | Reached skill level 1 in Short Blades
   385 | D:3      | Reached skill level 1 in Long Blades
   385 | D:3      | Reached skill level 1 in Axes
   385 | D:3      | Reached skill level 1 in Maces & Flails
   385 | D:3      | Reached skill level 1 in Polearms
   385 | D:3      | Reached skill level 1 in Slings
   385 | D:3      | Reached skill level 1 in Bows
   385 | D:3      | Reached skill level 1 in Crossbows
   385 | D:3      | Reached skill level 1 in Throwing
   385 | D:3      | Reached skill level 1 in Armour
   385 | D:3      | Reached skill level 1 in Shields
   385 | D:3      | Reached skill level 1 in Spellcasting
   385 | D:3      | Reached skill level 1 in Invocations
   385 | D:3      | Reached XP level 4. HP: 27/34 MP: 4/6
   435 | D:3      | Reached skill level 1 in Conjurations
   435 | D:3      | Reached skill level 1 in Hexes
   435 | D:3      | Reached skill level 1 in Charms
   435 | D:3      | Reached skill level 1 in Summonings
   435 | D:3      | Reached skill level 1 in Necromancy
   435 | D:3      | Reached skill level 1 in Translocations
   435 | D:3      | Reached skill level 1 in Transmutations
   435 | D:3      | Reached skill level 1 in Fire Magic
   435 | D:3      | Reached skill level 1 in Ice Magic
   435 | D:3      | Reached skill level 1 in Air Magic
   435 | D:3      | Reached skill level 1 in Earth Magic
   435 | D:3      | Reached skill level 1 in Poison Magic
   435 | D:3      | Reached XP level 5. HP: 18/40 MP: 7/7
   668 | D:4      | Reached skill level 3 in Fighting
   668 | D:4      | Reached skill level 3 in Dodging
   668 | D:4      | Reached skill level 3 in Evocations
   696 | D:5      | Entered Level 5 of the Dungeon
   756 | D:4      | Found a staircase to the Ecumenical Temple.
   765 | Temple   | Entered the Ecumenical Temple
   772 | Temple   | Became a worshipper of Cheibriados the Contemplative
   909 | D:5      | Reached skill level 2 in Invocations
   909 | D:5      | Reached XP level 6. HP: 47/47 MP: 8/8
   909 | D:5      | Reached skill level 3 in Stealth
   996 | D:5      | Reached skill level 5 in Staves
  1000 | D:5      | Reached skill level 2 in Short Blades
  1000 | D:5      | Reached skill level 2 in Long Blades
  1000 | D:5      | Reached skill level 2 in Axes
  1000 | D:5      | Reached skill level 2 in Maces & Flails
  1000 | D:5      | Reached skill level 2 in Polearms
  1000 | D:5      | Reached skill level 2 in Slings
  1000 | D:5      | Reached skill level 2 in Bows
  1000 | D:5      | Reached skill level 2 in Crossbows
  1000 | D:5      | Reached skill level 2 in Throwing
  1000 | D:5      | Reached skill level 2 in Armour
  1000 | D:5      | Reached skill level 2 in Shields
  1000 | D:5      | Reached skill level 2 in Spellcasting
  1087 | D:6      | Noticed an orc warrior
  1114 | D:6      | Killed an orc warrior
  1114 | D:6      | Reached XP level 7. HP: 10/52 MP: 10/10
  1118 | D:6      | HP: 5/52 [orc/mace (5)]
  1119 | D:6      | HP: 1/52 [orc/mace (5)]
  1195 | D:6      | Found an iron altar of Okawaru.
  1210 | D:5      | Got a ruby-encrusted ring mail
  1221 | D:5      | Identified the +2 ring mail of the True Pharaoh {rC+ Str-3 Int+5} (You found it on level 5 of the Dungeon)
  1226 | D:5      | Got an emerald-encrusted leather armour
  1245 | D:5      | Identified the +0 leather armour of Kicsed Dahit {MR- Dex+9} (You found it on level 5 of the Dungeon)
  1282 | D:6      | Reached skill level 2 in Conjurations
  1282 | D:6      | Reached skill level 2 in Hexes
  1282 | D:6      | Reached skill level 2 in Charms
  1282 | D:6      | Reached skill level 2 in Summonings
  1282 | D:6      | Reached skill level 2 in Necromancy
  1282 | D:6      | Reached skill level 2 in Translocations
  1282 | D:6      | Reached skill level 2 in Transmutations
  1282 | D:6      | Reached skill level 2 in Fire Magic
  1282 | D:6      | Reached skill level 2 in Ice Magic
  1282 | D:6      | Reached skill level 2 in Air Magic
  1282 | D:6      | Reached skill level 2 in Earth Magic
  1282 | D:6      | Reached skill level 2 in Poison Magic
  1304 | D:6      | Reached * piety under Cheibriados
  1367 | D:7      | Noticed a green ugly thing
  1379 | D:7      | Noticed anet's ghost (novice DEWz)
  1389 | D:7      | Killed a green ugly thing
  1389 | D:7      | Reached skill level 4 in Fighting
  1389 | D:7      | Reached skill level 3 in Short Blades
  1389 | D:7      | Reached skill level 3 in Long Blades
  1389 | D:7      | Reached skill level 3 in Axes
  1389 | D:7      | Reached skill level 3 in Maces & Flails
  1389 | D:7      | Reached skill level 3 in Polearms
  1389 | D:7      | Reached skill level 3 in Slings
  1389 | D:7      | Reached skill level 3 in Bows
  1389 | D:7      | Reached skill level 3 in Crossbows
  1389 | D:7      | Reached skill level 3 in Throwing
  1389 | D:7      | Reached skill level 3 in Armour
  1389 | D:7      | Reached skill level 4 in Dodging
  1389 | D:7      | Reached skill level 3 in Shields
  1389 | D:7      | Reached skill level 9 in Unarmed Combat
  1389 | D:7      | Reached skill level 3 in Spellcasting
  1389 | D:7      | Reached skill level 3 in Invocations
  1389 | D:7      | Reached skill level 4 in Evocations
  1389 | D:7      | Reached XP level 8. HP: 24/60 MP: 10/12
  1391 | D:7      | Reached skill level 4 in Stealth
  1402 | D:7      | Killed anet's ghost
  1402 | D:7      | Reached skill level 6 in Staves
  1402 | D:7      | Reached skill level 3 in Conjurations
  1402 | D:7      | Reached skill level 3 in Hexes
  1402 | D:7      | Reached skill level 3 in Charms
  1402 | D:7      | Reached skill level 3 in Summonings
  1402 | D:7      | Reached skill level 3 in Necromancy
  1402 | D:7      | Reached skill level 3 in Translocations
  1402 | D:7      | Reached skill level 3 in Transmutations
  1402 | D:7      | Reached skill level 3 in Fire Magic
  1402 | D:7      | Reached skill level 3 in Ice Magic
  1402 | D:7      | Reached skill level 3 in Air Magic
  1402 | D:7      | Reached skill level 3 in Earth Magic
  1402 | D:7      | Reached skill level 3 in Poison Magic
  1402 | D:7      | Reached skill level 4 in Invocations
  1402 | D:7      | Reached XP level 9. HP: 16/66 MP: 12/14
  1457 | D:7      | Found Maunigy's Gadget Shoppe.
  1457 | D:7      | Found Diofet's Weapon Shoppe.
  1457 | D:7      | Found Xounox's Jewellery Shoppe.
  1457 | D:7      | Found Edwud's Weapon Shoppe.
  1480 | D:7      | Bought a +1 whip of electrocution for 211 gold pieces
  1659 | D:7      | Reached skill level 4 in Short Blades
  1659 | D:7      | Reached skill level 4 in Long Blades
  1659 | D:7      | Reached skill level 4 in Axes
  1659 | D:7      | Reached skill level 4 in Maces & Flails
  1659 | D:7      | Reached skill level 4 in Polearms
  1659 | D:7      | Reached skill level 4 in Slings
  1659 | D:7      | Reached skill level 4 in Bows
  1659 | D:7      | Reached skill level 4 in Crossbows
  1659 | D:7      | Reached skill level 4 in Throwing
  1659 | D:7      | Reached skill level 4 in Armour
  1659 | D:7      | Reached skill level 4 in Shields
  1659 | D:7      | Reached skill level 4 in Spellcasting
  1719 | D:9      | Reached ** piety under Cheibriados
  1725 | D:9      | Reached skill level 5 in Fighting
  1725 | D:9      | Reached skill level 5 in Dodging
  1725 | D:9      | Reached skill level 5 in Evocations
  1816 | D:8      | Reached skill level 5 in Stealth
  1904 | D:8      | Found a blossoming altar of Fedhas.
  2004 | D:9      | Reached skill level 5 in Invocations
  2011 | D:10     | Entered Level 10 of the Dungeon
  2221 | D:10     | Reached *** piety under Cheibriados
  2221 | D:10     | Reached skill level 4 in Conjurations
  2221 | D:10     | Reached skill level 4 in Hexes
  2221 | D:10     | Reached skill level 4 in Charms
  2221 | D:10     | Reached skill level 4 in Summonings
  2221 | D:10     | Reached skill level 4 in Necromancy
  2221 | D:10     | Reached skill level 4 in Translocations
  2221 | D:10     | Reached skill level 4 in Transmutations
  2221 | D:10     | Reached skill level 4 in Fire Magic
  2221 | D:10     | Reached skill level 4 in Ice Magic
  2221 | D:10     | Reached skill level 4 in Air Magic
  2221 | D:10     | Reached skill level 4 in Earth Magic
  2221 | D:10     | Reached skill level 4 in Poison Magic
  2221 | D:10     | Reached XP level 10. HP: 58/74 MP: 17/17
  2285 | D:11     | Noticed an eight-headed hydra
  2293 | D:11     | Killed an eight-headed hydra
  2293 | D:11     | Reached skill level 5 in Short Blades
  2293 | D:11     | Reached skill level 5 in Long Blades
  2293 | D:11     | Reached skill level 5 in Axes
  2293 | D:11     | Reached skill level 5 in Maces & Flails
  2293 | D:11     | Reached skill level 5 in Polearms
  2293 | D:11     | Reached skill level 5 in Slings
  2293 | D:11     | Reached skill level 5 in Bows
  2293 | D:11     | Reached skill level 5 in Crossbows
  2293 | D:11     | Reached skill level 5 in Throwing
  2293 | D:11     | Reached skill level 5 in Armour
  2293 | D:11     | Reached skill level 5 in Shields
  2293 | D:11     | Reached skill level 5 in Spellcasting
  2382 | D:11     | Reached skill level 7 in Staves
  2382 | D:11     | Reached skill level 10 in Unarmed Combat
  2509 | D:12     | Reached skill level 6 in Fighting
  2509 | D:12     | Reached skill level 6 in Dodging
  2509 | D:12     | Reached skill level 6 in Evocations
  2544 | D:11     | Found a staircase to the Lair.
  2544 | D:11     | Noticed an elephant
  2553 | D:11     | Reached skill level 6 in Stealth
  2565 | D:11     | Slain by a basilisk

Vault maps used:
D:1:      dpeg_arrival_rooms_c, hangedman_feature_mirror
D:2:      chequers_ecumenical_altar_island, minivault_4
D:4:      minmay_temple_entry_overgrown, first_ration
D:5:      wad_floor_pattern_untrapped, lemuel_blue_sif_altar
D:6:      nicolae_overflow_crystal_walls, corexii_item_surrounded_by_moat
D:7:      regret_index_temple_of_mockery, minmay_misc_feat_pillars,
          grunt_ogre_cave, minmay_shop_grid_forest
D:8:      lemuel_crystal_altar
D:9:      orc_0_dummy
D:10:     xom_shifter_show
D:11:     david_lair_generic
D:12:     basic_altar
Temple:   compressed_dpeg_circular_temple

Skill      XL: |  1  2  3  4  5  6  7  8  9 10 |
---------------+-------------------------------+-----
Short Blades   | 1 2 3 4 5 |  5.4
Long Blades    | 1 2 3 4 5 |  5.4
Axes           | 1 2 3 4 5 |  5.4
Maces & Flails | 1 2 3 4 5 |  5.4
Polearms       | 1 2 3 4 5 |  5.4
Slings         | 1 2 3 4 5 |  5.4
Bows           | 1 2 3 4 5 |  5.4
Crossbows      | 1 2 3 4 5 |  5.4
Throwing       | 1 2 3 4 5 |  5.4
Armour         | 1 2 3 4 5 |  5.4
Shields        | 1 2 3 4 5 |  5.4
Spellcasting   | 1 2 3 4 5 |  5.4
Invocations    | 1 2 3 4 5 |  5.9
Conjurations   | 1 2 3 4 |  4.4
Hexes          | 1 2 3 4 |  4.4
Charms         | 1 2 3 4 |  4.4
Summonings     | 1 2 3 4 |  4.4
Necromancy     | 1 2 3 4 |  4.4
Translocations | 1 2 3 4 |  4.4
Transmutations | 1 2 3 4 |  4.4
Fire Magic     | 1 2 3 4 |  4.4
Ice Magic      | 1 2 3 4 |  4.4
Air Magic      | 1 2 3 4 |  4.4
Earth Magic    | 1 2 3 4 |  4.4
Poison Magic   | 1 2 3 4 |  4.4
Fighting       | 3 4 5 6 |  6.0
Dodging        | 3 4 5 6 |  6.0
Evocations     | 3 4 5 6 |  6.0
Stealth        | 3 4 5 6 |  6.0
Staves         | 5 6 7 |  7.2
Unarmed Combat | 9 10 | 10.1

Action                   |  1- 3 |  4- 6 |  7- 9 | 10-12 || total
-------------------------+-------+-------+-------+-------++-------
Melee: Unarmed           |    51 |   102 |    26 |    14 ||   193
       Bite              |     7 |    11 |    15 |    21 ||    54
       Dagger            |     2 |     2 |    15 |    38 ||    57
       Punch             |     2 |     8 |    14 |     7 ||    31
       Whip              |       |       |   149 |    36 ||   185
 Fire: Shortbow          |       |       |     8 |     2 ||    10
Throw: Tomahawk          |       |     5 |     1 |       ||     6
       Javelin           |       |       |    15 |       ||    15
 Cast: Confusing Touch   |     2 |       |       |     4 ||     6
       Animate Skeleton  |       |       |     1 |       ||     1
Invok: Bend Time         |       |       |     1 |       ||     1
Evoke: Wand              |       |     4 |    22 |     7 ||    33
  Use: Potion            |     1 |     3 |     3 |     1 ||     8
       Scroll            |       |     7 |     6 |       ||    13
 Stab: Sleeping          |     2 |     1 |     2 |       ||     5
       Paralysed         |       |     2 |    22 |     5 ||    29
       Confused          |       |       |     1 |     3 ||     4
       Invisible         |       |       |       |     1 ||     1
  Eat: Chunk             |       |     1 |     2 |     1 ||     4
Armor: Robe              |     7 |    13 |       |       ||    20
       Skin              |     2 |       |       |       ||     2
       Ring mail         |       |       |    48 |    13 ||    61
Dodge: Dodged            |    21 |    54 |   123 |    40 ||   238

Table legend:
 A = Spawn XP
 B = Non-spawn XP
 C = Spawn XP percentage of total XP
 D = Spawn monster count
 E = Non-spawn monster count
 F = Spawn count percentage of total count
 G = Total turns spent on level
                    A         B        C        D         E        F      G
               +---------+---------+-------+---------+---------+-------+---------
         Total |       0 |    7777 |   0.0 |       0 |     146 |   0.0 |  2565
               +---------+---------+-------+---------+---------+-------+---------
           D:1 |       0 |      15 |   0.0 |       0 |       9 |   0.0 |   191
           D:2 |       0 |       6 |   0.0 |       0 |       4 |   0.0 |    81
           D:3 |       0 |     197 |   0.0 |       0 |      24 |   0.0 |   383
           D:4 |       0 |      79 |   0.0 |       0 |       7 |   0.0 |   179
           D:5 |       0 |     245 |   0.0 |       0 |       9 |   0.0 |   291
           D:6 |       0 |     335 |   0.0 |       0 |      10 |   0.0 |   173
           D:7 |       0 |    2010 |   0.0 |       0 |      24 |   0.0 |   352
           D:8 |       0 |     711 |   0.0 |       0 |      19 |   0.0 |   270
           D:9 |       0 |     661 |   0.0 |       0 |      14 |   0.0 |    76
          D:10 |       0 |     846 |   0.0 |       0 |      10 |   0.0 |   223
          D:11 |       0 |    2277 |   0.0 |       0 |      14 |   0.0 |   257
          D:12 |       0 |     395 |   0.0 |       0 |       2 |   0.0 |    74
               +---------+---------+-------+---------+---------+-------+---------

Table legend:
 A = Turns spent in this place as a percentage of turns spent in the entire game.
 B = Non-inter-level travel turns spent in this place as a percentage of non-inter-level travel turns spent in the entire game.
 C = Inter-level travel turns spent in this place as a percentage of turns spent in this place.
 D = Turns resting spent in this place as a percentage of non-inter-level travel turns spent in this place.
 E = Turns spent auto-exploring this place as a percentage of non-inter-level travel turns spent in this place.
 F = Non-inter-level travel turns spent in this place divided by the number of levels of this place that you've seen.
                   A       B       C       D       E      F
               +-------+-------+-------+-------+-------+----------------------
         Total | 100.0 | 100.0 |   0.5 |   0.1 |   0.0 | 196.3
       Dungeon |  99.4 |  99.4 |   0.5 |   0.1 |   0.0 | 211.4
        Temple |   0.6 |   0.6 |   0.0 |   0.0 |   0.0 |  15.0
               +-------+-------+-------+-------+-------+----------------------

Table legend:
 A = Kills in this place as a percentage of kills in entire the game.
 B = Kills by you in this place as a percentage of kills by you in the entire game.
 C = Kills by friends in this place as a percentage of kills by friends in the entire game.
 D = Other kills in this place as a percentage of other kills in the entire game.
 E = Experience gained in this place as a percentage of experience gained in the entire game.
 F = Experience gained in this place divided by the number of levels of this place that you have seen.
                   A       B       C       D       E      F
               +-------+-------+-------+-------+-------+----------------------
         Total | 100.0 | 100.0 |   N/A | 100.0 | 100.0 | 598.2
       Dungeon | 100.0 | 100.0 |   N/A | 100.0 | 100.0 | 648.1
               +-------+-------+-------+-------+-------+----------------------

Vault maps used:
D:1:      dpeg_arrival_rooms_c, hangedman_feature_mirror
D:2:      chequers_ecumenical_altar_island, minivault_4
D:4:      minmay_temple_entry_overgrown, first_ration
D:5:      wad_floor_pattern_untrapped, lemuel_blue_sif_altar
D:6:      nicolae_overflow_crystal_walls, corexii_item_surrounded_by_moat
D:7:      regret_index_temple_of_mockery, minmay_misc_feat_pillars,
          grunt_ogre_cave, minmay_shop_grid_forest
D:8:      lemuel_crystal_altar
D:9:      orc_0_dummy
D:10:     xom_shifter_show
D:11:     david_lair_generic
D:12:     basic_altar
Temple:   compressed_dpeg_circular_temple
